Map: Welt der Schläfer LE

Players

aeox - Winner!

  • Race: Protoss Protoss
  • League: Gold
  • Spawn Location: 7:00

Карон

  • Race: Terran Terran
  • League: Platinum
  • Spawn Location: 1:00

VOD

Have the link to the VOD?

Description

Time

  • Played on: Nov. 4, 2019, 4:42 p.m.
  • Length: 24:43
Show
View Real Time Build Order
Export as new Build Order

aeox Protoss - Winner!

Build Orders:  

Get SALT Encoding   

  12  0:01  Probe  
  13  0:13  Probe (Chrono Boost)  
  14  0:19  Pylon  
  14  0:25  Probe (Chrono Boost)  
  15  0:36  Probe (Chrono Boost)  
  15  0:39  Gateway  
  16  0:45  Probe  
  16  0:47  Assimilator  
  17  0:56  Assimilator  
  17  0:57  Probe  
  18  1:09  Probe, Gateway  
  19  1:21  Probe  
  20  1:31  Cybernetics Core  
  20  1:40  Probe (Chrono Boost)  
  20  1:41  Pylon  
  21  2:05  Adept (Chrono Boost)  
  25  2:09  Warp Gate  
  25  2:14  Adept (Chrono Boost)  
  25  2:16  Pylon  
  25  2:25  Nexus  
  25  2:35  Adept  
  27  2:38  Adept  
  29  2:46  Probe  
  30  2:59  Shield Battery  
  30  3:04  Probe  
  31  3:06  Sentry  
  31  3:08  Sentry  
  35  3:16  Probe  
  34  3:28  Probe  
  35  3:40  Probe  
  36  3:43  Forge  
  36  3:45  Pylon  
  36  3:52  Probe x2  
  38  4:03  Robotics Facility  
  38  4:04  Probe  
  39  4:17  Probe x2  
  41  4:40  Probe x2  
  43  4:50  Observer (Chrono Boost)  
  43  4:52  Probe x2  
  46  4:54  Assimilator, Protoss Ground Weapons Level 1 (Chrono Boost)  
  46  4:56  Assimilator  
  46  4:58  Pylon  
  46  4:59  Pylon  
  46  5:04  Immortal (Chrono Boost), Probe x2 (Chrono Boost)  
  52  5:16  Probe (Chrono Boost)  
  54  5:22  Probe (Chrono Boost)  
  54  5:24  Stalker x2  
  54  5:25  Probe (Chrono Boost)  
  59  5:29  Probe (Chrono Boost)  
  59  5:34  Observer (Chrono Boost), Gateway x2  
  61  5:37  Gateway  
  61  5:38  Gateway  
  61  5:43  Photon Cannon  
  61  5:46  Pylon  
  61  5:49  Warp Prism (Chrono Boost)  
  63  6:07  Twilight Council  
  63  6:09  Probe x2  
  65  6:12  Photon Cannon  
  65  6:15  Immortal (Chrono Boost)  
  65  6:18  Zealot x2  
  73  6:35  Probe x2  
  75  6:42  Blink (Chrono Boost)  
  75  6:50  Pylon  
  75  7:11  Zealot x3  
  75  7:12  Zealot x3  
  75  7:14  Nexus  
  87  7:17  Immortal (Chrono Boost)  
  91  7:23  Protoss Ground Weapons Level 2 (Chrono Boost)  
  91  7:26  Robotics Bay  
  91  7:29  Probe x2  
  92  7:41  Probe  
  93  8:00  Pylon x2  
  93  8:03  Pylon  
  93  8:04  Templar Archives  
  93  8:05  Pylon  
  93  8:06  Pylon  
  93  8:10  Assimilator  
  93  8:14  Assimilator  
  93  8:20  Gateway  
  93  8:22  Gateway  
  93  8:25  Pylon, Gateway  
  93  8:26  Zealot, Pylon  
  95  8:31  Zealot x2  
  95  8:32  Zealot x4  
  93  8:59  Zealot x5  
  93  9:00  Zealot  
  93  9:28  Stalker x2  
  93  9:29  Stalker x4  
  105  9:46  Stalker x2  
  105  9:47  Stalker  
  83  10:04  Zealot  
  83  10:05  Zealot x5  
  65  10:27  Psionic Storm  
  63  10:33  Probe (Chrono Boost)  
  63  10:34  Probe x2 (Chrono Boost)  
  66  10:36  Zealot x4  
  66  10:37  Sentry x3  
  66  10:38  Sentry x2  
  87  10:43  Probe (Chrono Boost)  
  87  10:45  Probe x2 (Chrono Boost)  
  87  10:46  Colossus (Chrono Boost)  
  87  10:49  Extended Thermal Lance (Chrono Boost)  
  87  10:51  Charge (Chrono Boost)  
  95  10:57  Probe (Chrono Boost)  
  95  10:58  Probe x2 (Chrono Boost)  
  95  11:02  High Templar x2  
  100  11:04  Zealot x2  
  100  11:07  Probe (Chrono Boost)  
  100  11:09  Probe x2 (Chrono Boost)  
  107  11:16  Zealot x3  
  107  11:18  Probe  
  110  11:23  Zealot x2  
  110  11:37  Zealot x5  
  110  11:38  Zealot x2  
  122  11:52  Protoss Ground Weapons Level 3 (Chrono Boost)  
  122  12:11  Colossus (Chrono Boost)  
  122  12:12  Probe x3  
  122  12:14  Nexus  
  131  12:24  Probe  
  131  12:26  High Templar x3  
  138  12:46  Gateway  
  138  12:48  Gateway  
  138  12:49  Probe (Chrono Boost), Colossus  
  138  12:50  Gateway  
  140  12:52  Gateway  
  140  12:54  Gateway  
  140  12:55  Probe (Chrono Boost)  
  140  12:56  Pylon  
  140  12:58  Pylon x2  
  146  13:07  Pylon  
  146  13:09  Pylon  
  146  13:16  Stalker x2  
  146  13:17  Stalker x2  
  151  13:24  Zealot x2  
  149  13:30  Stalker  
  151  13:39  Stalker  
  153  13:43  Warp Prism  
  153  13:47  Zealot x2  
  159  13:54  Zealot  
  119  14:36  Zealot x5  
  119  14:37  Zealot  
  115  15:03  Unknown  
  105  15:08  Gateway  
  105  15:10  Gateway  
  63  15:24  Colossus (Chrono Boost)  
  65  15:32  Zealot x2  
  69  15:50  Nexus  
  69  15:55  High Templar  
  69  15:56  High Templar x4  
  79  15:57  Zealot x2  
  83  16:07  Colossus (Chrono Boost)  
  89  16:15  Probe  
  89  16:16  Protoss Ground Armor Level 1 (Chrono Boost)  
  90  16:24  Sentry  
  90  16:25  Zealot x5  
  100  16:27  Probe  
  103  16:38  Pylon  
  104  16:40  Pylon  
  104  16:41  Probe (Chrono Boost)  
  104  16:44  Unknown  
  106  16:50  Probe x2 (Chrono Boost), Colossus (Chrono Boost)  
  113  16:54  Zealot  
  113  16:55  High Templar  
  113  16:56  Probe (Chrono Boost)  
  113  16:59  Probe x2 (Chrono Boost)  
  118  17:03  Probe  
  119  17:09  Probe x2  
  119  17:11  Zealot x4  
  119  17:12  Zealot  
  113  17:23  Zealot x5  
  113  17:27  Probe x3  
  126  17:36  Colossus  
  132  17:49  Zealot x3  
  134  17:57  Nexus  
  134  17:58  Zealot x3  
  140  18:16  Zealot x3  
  140  18:17  Zealot x3  
  152  18:31  Immortal, Zealot x4  
  152  18:32  Zealot  
  151  18:47  Zealot x4  
  151  18:48  Zealot  
  147  19:00  Zealot x2  
  147  19:01  Zealot x3  
  131  19:10  Stalker x2  
  131  19:15  Archon x2  
  131  19:16  Archon  
  127  19:36  Assimilator  
  125  19:41  Assimilator  
  99  19:57  Stalker x3  
  99  19:58  Stalker x6  
  99  19:59  Stalker  
  111  20:34  Nexus  
  111  20:35  Protoss Ground Armor Level 2 (Chrono Boost)  
  111  20:36  Pylon  
  111  20:37  Pylon  
  111  20:39  Assimilator  
  111  20:40  Probe x3  
  114  20:43  Assimilator  
  114  20:44  Zealot x6  
  114  20:45  Zealot x4  
  134  20:52  Probe  
  135  21:09  High Templar x5  
  135  21:10  High Templar x5  
  135  21:11  High Templar x2  
  157  21:12  High Templar x2  
  157  21:16  Archon x3  
  163  21:20  Immortal  
  167  21:38  Zealot  
  153  21:53  Zealot x3  
  153  21:54  Zealot x4  
  145  21:57  Immortal (Chrono Boost)  
  153  22:27  Stalker x3  
  153  22:28  Stalker x5  
  153  22:29  Immortal  
  171  22:48  Pylon  
  171  22:53  Pylon  
  153  23:00  Pylon  
  149  23:08  Immortal  
  147  23:12  Pylon  
  137  23:32  Stalker x2  
  137  23:33  Stalker x4  
  137  23:34  Stalker x4  
  149  23:56  Zealot x6  
  149  23:57  Zealot x6  
  149  23:58  Zealot  
  169  24:28  Stalker x2  
  169  24:30  Zealot x3  
  179  24:32  High Templar x6  
  179  24:33  High Templar x2  
Show
View Real Time Build Order
Export as new Build Order

Карон Terran 

Build Orders:  

Get SALT Encoding   

  12  0:01  SCV  
  13  0:13  SCV  
  14  0:17  Supply Depot  
  14  0:25  SCV  
  15  0:39  SCV  
  15  0:42  Barracks  
  16  0:48  Refinery  
  16  0:51  SCV  
  17  1:03  SCV  
  18  1:15  SCV  
  19  1:29  Orbital Command  
  19  1:37  Command Center, Marine  
  20  1:49  Refinery  
  20  1:56  Marine  
  21  2:04  Factory  
  21  2:07  SCV  
  22  2:18  Barracks Tech Lab  
  22  2:20  SCV  
  23  2:23  Supply Depot  
  23  2:32  Barracks  
  23  2:40  Combat Shield  
  23  2:44  Marine, SCV  
  25  2:51  Orbital Command  
  25  2:57  Supply Depot  
  25  3:02  Factory Tech Lab  
  25  3:08  Engineering Bay  
  23  3:20  Marine  
  23  3:22  Siege Tank  
  23  3:24  Marine  
  26  3:34  Barracks  
  25  3:45  SCV x2  
  25  3:46  Marine  
  28  3:48  Marine  
  29  4:04  Marine  
  29  4:06  Marine  
  29  4:10  SCV  
  29  4:13  Siege Tank  
  33  4:22  Marine, SCV  
  33  4:23  Barracks Reactor  
  35  4:24  Marine  
  35  4:27  Supply Depot  
  36  4:38  SCV x2  
  38  4:50  SCV x2  
  40  5:02  Marine x2  
  40  5:03  Marine  
  43  5:07  Barracks Reactor  
  43  5:09  Siege Tank  
  43  5:11  Terran Infantry Weapons Level 1  
  46  5:19  Barracks  
  46  5:40  Supply Depot  
  46  5:41  Supply Depot  
  46  5:42  Command Center  
  46  5:52  Engineering Bay  
  46  6:01  Marine x3, SCV x2, Siege Tank  
  46  6:03  Marine x2  
  56  6:14  SCV x2, Supply Depot  
  56  6:16  Supply Depot  
  58  6:19  Marine x3  
  58  6:20  Barracks  
  58  6:21  Barracks Reactor  
  58  6:22  Marine  
  62  6:32  Stimpack  
  62  6:35  Marine, Siege Tank  
  62  6:37  Marine, SCV x2  
  69  6:42  Refinery  
  69  6:45  Refinery  
  69  6:49  SCV x2  
  69  6:52  Missile Turret  
  71  6:55  Supply Depot  
  71  7:00  Marine  
  71  7:01  Marine  
  73  7:08  Supply Depot  
  73  7:13  Siege Tank  
  73  7:14  Marine x4  
  73  7:15  Missile Turret  
  81  7:17  Barracks Reactor  
  81  7:19  Terran Infantry Armor Level 1  
  80  7:30  Orbital Command  
  80  7:32  Armory, Supply Depot  
  80  7:34  SCV x2  
  82  7:47  Missile Turret  
  82  7:48  Marine x3  
  82  7:49  Marine x3  
  88  7:51  Marine  
  88  7:52  Supply Depot  
  88  7:56  Siege Tank  
  92  8:06  Marine x2  
  92  8:09  Marine x3  
  92  8:10  Marine x4  
  101  8:17  Orbital Command  
  101  8:22  Supply Depot  
  101  8:23  Supply Depot  
  101  8:24  Marine x2  
  103  8:35  Supply Depot  
  87  8:51  Marine x3  
  87  8:52  Marine x4  
  87  8:53  Marine x2  
  82  9:01  Siege Tank  
  85  9:09  Marine x4  
  88  9:10  Marine x4  
  88  9:11  Marine  
  92  9:22  SCV x3  
  95  9:27  Marine x2  
  97  9:34  SCV x3  
  100  9:39  Terran Infantry Weapons Level 2, Starport  
  100  9:41  Terran Infantry Armor Level 2  
  100  9:46  SCV x2, Supply Depot  
  100  9:47  SCV  
  100  9:48  Marine x5  
  100  9:49  Marine  
  107  9:58  SCV  
  107  9:59  SCV x2  
  76  10:21  Marine x3  
  76  10:22  Marine x6  
  84  10:29  Siege Tank  
  87  10:39  Marine x4  
  87  10:40  Marine x5  
  96  10:44  Medivac  
  98  10:53  Starport  
  98  10:56  SCV x3  
  101  10:57  Marine x3  
  101  11:01  Siege Tank  
  101  11:03  Marine x6  
  113  11:08  SCV x3  
  116  11:14  Marine  
  116  11:15  Marine x2  
  119  11:19  Command Center  
  119  11:20  Marine, SCV  
  119  11:21  Marine x4  
  119  11:24  Marine  
  124  11:32  Marine  
  125  11:42  Starport Reactor  
  125  11:43  Marine x4  
  125  11:44  Marine x4  
  125  11:45  Siege Tank  
  123  11:50  Marine  
  124  12:01  Marine  
  124  12:03  Terran Infantry Weapons Level 3  
  124  12:05  Terran Infantry Armor Level 3  
  125  12:26  Refinery  
  125  12:29  Refinery  
  125  12:31  Marine x9, Siege Tank  
  137  12:37  Planetary Fortress  
  137  12:42  Unknown  
  137  12:45  Medivac  
  137  12:48  Marine  
  140  12:58  Supply Depot  
  140  13:02  Starport Tech Lab  
  140  13:20  Marine x5, Siege Tank  
  140  13:23  Supply Depot  
  140  13:26  Marine x3  
  148  13:44  Marine x8  
  148  13:47  Marine  
  155  13:55  Medivac  
  155  14:02  Medivac  
  156  14:03  Marine x2, Supply Depot  
  156  14:17  Marine x5  
  156  14:18  Marine x2, Siege Tank  
  156  14:22  SCV  
  156  14:23  SCV x2  
  169  14:25  Medivac  
  169  14:30  Supply Depot  
  123  14:35  Marine x3, SCV x3  
  123  14:36  Marine x6  
  119  14:47  SCV x3  
  119  14:49  Medivac  
  119  14:50  Siege Tank  
  119  14:52  Supply Depot  
  127  14:53  Marine x4  
  127  14:54  Marine x5  
  127  14:59  SCV x3  
  131  15:11  Marine x5, SCV  
  131  15:12  Marine x4  
  130  15:15  Supply Depot  
  122  15:22  Medivac x2, Siege Tank  
  121  15:29  Marine x6  
  121  15:30  Marine x3  
  130  15:47  Marine x8  
  130  15:48  Marine  
  139  15:50  Hi-Sec Auto Tracking, Command Center  
  139  15:52  Neosteel Armor, Medivac  
  139  15:54  Command Center, Drilling Claws  
  141  15:59  Medivac  
  141  16:02  Raven  
  145  16:04  Marine  
  145  16:07  Marine x7  
  145  16:08  Marine  
  145  16:09  Siege Tank  
  157  16:22  Marine, Viking  
  157  16:24  Marine  
  157  16:25  Marine x2  
  163  16:29  Viking  
  163  16:32  Supply Depot  
  165  16:41  Siege Tank  
  165  16:42  Marine x5  
  165  16:43  Marine  
  165  16:45  Raven  
  176  16:48  Refinery  
  176  16:50  Refinery  
  176  16:57  Supply Depot  
  150  17:21  Marine  
  150  17:22  Marine x6  
  154  17:23  Marine x2, Supply Depot  
  154  17:26  Viking x2  
  154  17:28  Raven  
  164  17:30  Siege Tank  
  167  17:39  Marine x2  
  167  17:40  Marine x7  
  174  17:57  Marine x3  
  177  18:01  Marine x4  
  177  18:02  Marine x2, Siege Tank  
  177  18:04  Viking x2  
  190  18:11  Viking  
  192  18:15  Marine x3  
  192  18:19  Marine x5  
  200  18:33  Marine x3  
  193  18:34  Siege Tank  
  193  18:36  Marine  
  193  18:37  Marine x4  
  193  18:39  Marine  
  183  18:51  Marine x3  
  183  18:54  Marine  
  183  18:55  Marine x4  
  185  18:57  Marine  
  150  19:08  Marine  
  150  19:09  Marine x2  
  146  19:12  Marine x3  
  146  19:13  Marine x2  
  146  19:15  Marine  
  140  19:25  Siege Tank  
  140  19:26  Marine x3, Medivac x3  
  140  19:30  Marine x4  
  140  19:31  Marine  
  148  19:32  Marine  
  148  19:35  Planetary Fortress  
  142  19:44  Marine x3  
  134  19:48  Marine x5  
  134  19:50  Marine  
  132  19:57  Siege Tank  
  117  20:02  Marine x3  
  117  20:06  Marine x5  
  119  20:08  Marine, Medivac x2  
  124  20:20  Marine x3  
  127  20:23  Marine  
  127  20:24  Marine x4  
  127  20:26  Marine  
  133  20:29  Siege Tank  
  133  20:35  Planetary Fortress  
  136  20:37  Marine  
  136  20:38  Marine x2  
  136  20:41  Marine x2  
  136  20:42  Marine x3  
  144  20:44  Marine  
  145  20:51  SCV x3  
  145  20:55  Marine x2  
  145  20:56  Marine  
  151  20:59  Marine  
  151  21:01  Siege Tank  
  151  21:03  SCV x2  
  151  21:04  SCV  
  158  21:15  SCV  
  158  21:16  SCV x2  
  161  21:27  SCV  
  161  21:28  SCV x2  
  165  21:40  Marine x5, SCV x3  
  165  21:41  Marine x4  
  131  21:58  Marine x6  
  131  21:59  Marine x3  
  127  22:13  Medivac x2  
  131  22:15  Marine  
  131  22:16  Marine x7, Raven  
  131  22:17  Marine  
  142  22:33  Marine x3  
  142  22:34  Marine x6  
  151  22:37  Command Center  
  145  22:51  Marine x4  
  145  22:52  Marine x5  
  116  22:59  Raven  
  109  23:09  Marine x5  
  109  23:10  Marine x4  
  98  23:27  Marine x6  
  93  23:28  Marine x2  
  83  23:44  Marine  
  83  23:45  Marine x6  
  83  23:46  Marine  
  71  24:02  Marine x2  
  70  24:03  Marine x6, Barracks  
  70  24:20  Marine x4  
  70  24:21  Marine x2  
  70  24:33  Barracks  
Tags
 
Add a new tag
Caveats
  • Supply blocks, unpowered buildings, or Contaminate may cause inaccurate times.
  • Supply counts are checked every 10 seconds.